cohdb
Replays
Latest Replays
All Replays
Popular Replays
Top Player Replays
Match Explorer
How It Works
Community
CoH3 Stats
Reddit
Sign in to upload your games and track your stats! →
Sign in with Steam
Match 47520496
Unlisted
Match 47520496
Overview
Messages
Build Orders
End
250 Light Carrier
Selects Italian Infantry
Panzergrenadier Squad
Panzergrenadier Squad
Construct Light Support Kompanie
Selects Defensive Operations
Panzerjäger Squad
Fire Support Elements
2.5-tonne Medical Truck
Combat Half-tracks
Panzerjäger Mechanized Group
Construct Panzerarmee Kommand
Selects Guastatori Squad
Guastatori Squad
Selects Registered Artillery
Emergency Repair Kits
Walking Stuka Rocket Launcher
Registered Artillery
Armored Reserves
Selects Towed Cannone da 105/28 Field Howitzer
Towed Cannone da 105/28 Field Howitzer
Fsihbone
[=M$=]Bonello10
lengfeng988
emballage
guludu
x gon give it to ya
しばる
Elysia
0
0
Comments
sign in to comment!
No comments posted yet!